 Dungeon Crawl Stone Soup version 0.29-a0-266-gf56f883ddd (webtiles) character file.

Game seed: 9055867736356436904

147 Aksej the Cutter (level 5, -1/40 HPs)
             Began as a Demonspawn Gladiator on Mar 6, 2022.
             Slain by an orc priest
             ... wielding a +0 short sword
              (4 damage)
             ... on level 3 of the Dungeon.
             The game lasted 00:05:09 (2573 turns).

Aksej the Cutter (Demonspawn Gladiator)             Turns: 2573, Time: 00:05:11

Health: -1/40      AC: 14    Str: 15    XL:     5   Next: 7%
Magic:  5/6        EV: 13    Int: 19    God:
Gold:   102        SH:  0    Dex: 16    Spells: 5/6 levels left

rFire   x . .      SeeInvis .   a - +5 quick blade
rCold   . . .      Faith    .   (no shield)
rNeg    . . .      Spirit   .   b - +0 leather armour
rPois   .          Reflect  .   c - +0 helmet
rElec   .          Harm     .   (no cloak)
rCorr   .          Rampage  .   (no gloves)
Will    +....                   (no boots)
Stlth   ++........              (no amulet)
HPRegen 0.13/turn               g - ring of willpower
MPRegen 0.10/turn               j - ring "Sonkudwo" {Fly rF- AC+4 Int+10 Stlth+}

@: sanguine armoured, flying
A: foul stench 1, sanguine armour 1, demonic magic 1
a: no special abilities


You were on level 3 of the Dungeon.
You visited 1 branch of the dungeon, and saw 3 of its levels.

You collected 102 gold pieces.

Inventory:

Hand Weapons
 a - a +5 quick blade (weapon)
Missiles
 d - 3 throwing nets (quivered)
 e - a javelin
Armour
 b - a +0 leather armour (worn)
 c - a +0 helmet (worn)
Jewellery
 g - a ring of willpower (left hand)
 j - the ring "Sonkudwo" (right hand) {Fly rF- AC+4 Int+10 Stlth+}
   (You acquired it on level 2 of the Dungeon)

   [ring of protection]

   AC:        It affects your AC (+4).
   Int:       It affects your intelligence (+10).
   rF:        It makes you vulnerable to fire.
   Fly:       It grants you flight.
   Stlth:     It makes you more stealthy.


   Skills:
 * Level 2.9 Fighting
 + Level 3.7 Short Blades
 + Level 1.8 Throwing
 + Level 1.3 Armour
 + Level 3.2 Dodging
 + Level 0.4 Stealth
 + Level 1.0 Spellcasting
 + Level 0.6 Necromancy


You had 5 spell levels left.
You knew the following spells:

 Your Spells              Type           Power      Damage    Failure   Level
a - Animate Skeleton      Necr           6%         N/A       19%         1

Your spell library contained the following spells:

 Spells                   Type           Power      Damage    Failure   Level
 Apportation              Tloc           0%         N/A       22%         1
 Summon Small Mammal      Summ           0%         N/A       22%         1
 Frozen Ramparts          Ice            0%         1d2       56%         3
 Portal Projectile        Hex/Tloc       0%         N/A       56%         3
 Ice Form                 Ice/Tmut       0%         N/A       92%         4
 Summon Ice Beast         Ice/Summ       0%         N/A       92%         4
 Blade Hands              Tmut           0%         N/A       99%         5
 Excruciating Wounds      Necr           1%         N/A       99%         5
 Fireball                 Conj/Fire      0%         3d3       99%         5
 Iskenderun's Battlesphe  Conj           0%         2d6       99%         5
 Conjure Ball Lightning   Conj/Air       0%         3x3d6     100%        6
 Orb of Destruction       Conj           0%         9d5       100%        7


Dungeon Overview and Level Annotations

Branches:
Dungeon (3/15)

Altars:


Innate Abilities, Weirdness & Mutations

You may rarely emit foul miasma when damaged in melee.
When seriously injured, your blood forms armour. (AC +6)
Spells you cast may paralyse adjacent enemies.


Message History

You feel more buoyant. The orc hits you but does no damage.
The orc hits you with a +0 flail.
* * * LOW HITPOINT WARNING * * *
You aren't carrying any scrolls.
You closely miss the orc priest. The orc hits you but does no damage.
The orc priest hits you but does no damage.
The orc hits you but does no damage.
You barely miss the orc priest. You barely miss the orc priest.
The orc priest hits you but does no damage.
The orc barely misses you. The orc hits you with a +0 flail.
* * * LOW HITPOINT WARNING * * *
You emit a cloud of foul miasma!
You hit the orc priest.
The orc priest is lightly wounded.
Your orc skeleton crumbles into dust!
You hit the orc priest.
The orc priest is moderately wounded.
The orc hits you but does no damage.
The orc priest calls upon Beogh to heal the orc priest.
The orc priest's wounds heal themselves!
The orc is engulfed in dark miasma.
The orc is poisoned.
You kill the orc!
The orc priest hits you but does no damage.
Casting: Animate Skeleton (safe; 19% risk of failure)
Confirm with . or Enter, or press ? or * to list all spells.
You attempt to give life to the dead...
Before your eyes, flesh is ripped from the corpse!
The dead are walking!
Malevolent energies surge around you.
The orc suddenly stops moving!
The orc priest invokes the aid of Beogh against you.
You resist with some effort.
You hit the orc priest.
The orc priest is lightly wounded.
You hit the orc priest but do no damage.
The orc priest is lightly wounded.
The orc priest misses you.
The orc priest hits your orc skeleton with a +0 hand axe.
The orc priest hits you with a +0 short sword.
You die...

.##........ ...<....)..
..#.......#. .o.........
...........
.....♣.♣.#####....$.....
#.....⌠......#..........
##......................
##......#..........[....
.#.#..#.#.......Zo......
......#.#.# #.)@o......
...#.##.#.# #...o......
...#....#.##+#.#........
...#...........#....####
...#...........#....#
#Z.#...........######
.............#.....
#.#....###.####.....
.......# .#.# .....


You could see 2 orc priests, an orc (paralysed) and a friendly orc skeleton.

Vanquished Creatures
  A phantom (D:3)
  An adder (D:2)
  A worm (D:2)
  A dart slug (D:1)
  2 orcs (D:3)
  5 endoplasms
  2 giant cockroaches (D:1)
  7 goblins
  5 hobgoblins
  3 jackals (D:2)
  4 kobolds
  2 quokkas (D:2)
  5 ball pythons
  2 bats (D:1)
  5 frilled lizards
  2 rats (D:2)
48 creatures vanquished.

Notes
Turn   | Place    | Note
-------+----------+-------------------------------------------
     0 | D:1      | Aksej the Demonspawn Gladiator began the quest for the Orb.
     0 | D:1      | Reached XP level 1. HP: 16/16 MP: 1/1
   311 | D:1      | Gained mutation: When seriously injured, your blood forms
                  | armour. (AC +6) [demonic ancestry]
   311 | D:1      | Reached XP level 2. HP: 21/22 MP: 2/2
  1064 | D:2      | Reached XP level 3. HP: 28/28 MP: 3/3
  1138 | D:2      | Learned a level 1 spell: Animate Skeleton
  2306 | D:2      | Identified 2 scrolls of acquirement
  2306 | D:2      | Acquired the ring "Sonkudwo" {Fly rF- AC+4 Int+10 Stlth+}
  2307 | D:2      | Acquired a +5 quick blade
  2333 | D:3      | Noticed a phantom
  2409 | D:3      | Killed a phantom
  2410 | D:3      | Reached skill level 1 in Armour
  2410 | D:3      | Reached skill level 1 in Spellcasting
  2410 | D:3      | Gained mutation: Spells you cast may paralyse adjacent
                  | enemies. [demonic ancestry]
  2410 | D:3      | Reached XP level 4. HP: 21/34 MP: 3/5
  2410 | D:3      | Gained mutation: You may rarely emit foul miasma when
                  | damaged in melee. [demonic ancestry]
  2410 | D:3      | Reached XP level 5. HP: 25/40 MP: 3/6
  2573 | D:3      | Slain by an orc priest

Illustrated notes

Levels and vault maps discovered:
D:1:      amcnicky_arrival_double_pillar, layout_loops_ring
D:2:      layout_basic
D:3:      layout_basic, nicolae_ashenzari_panopticon, nicolae_ru_awakened_eye,
          grunt_decor_one_mirror, minmay_statues_item, hangedman_feature_mirror,
          minmay_fountain_box

Skill      XL: |  1  2  3 |
---------------+----------+-----
Dodging        | 3 |  3.2
Short Blades   | 3 |  3.7
Armour         | 1 |  1.3
Spellcasting   | 1 |  1.0
Fighting       | |  2.9
Throwing       | |  1.8
Stealth        | |  0.4
Necromancy     | |  0.6

Action                   |  1- 3 |  4- 6 || total
-------------------------+-------+-------++-------
Melee: Rapier            |   146 |       ||   146
       Quick blade       |    23 |     9 ||    32
       Punch             |     1 |       ||     1
 Cast: Animate Skeleton  |     6 |     2 ||     8
  Use: Scroll            |     5 |       ||     5
       Potion            |       |     1 ||     1
 Stab: Sleeping          |     1 |       ||     1
Armor: Leather armour    |    57 |     7 ||    64
Dodge: Dodged            |   111 |     2 ||   113

Table legend: (Time is in decaauts)
 A = Elapsed time spent in this place.
 B = Non-inter-level travel time spent in this place.
 C = Inter-level travel time spent in this place.
 D = Time resting spent in this place.
 E = Time spent auto-exploring this place.
 F = Levels seen in this place.
 G = Mean time per level.
                   A        B        C        D        E       F      G
               +--------+--------+--------+--------+--------+-----+--------+
         Total |   2564 |   2501 |     63 |      0 |   2052 |   3 |  854.7 |
       Dungeon |   2564 |   2501 |     63 |      0 |   2052 |   3 |  854.7 |
               +--------+--------+--------+--------+--------+-----+--------+

Top non-repeatable levels by time:
     D:2: 1457 daAuts
     D:1: 909 daAuts
     D:3: 197 daAuts
